 Dungeon Crawl Stone Soup version 0.21.1-1-g345015fe64 (webtiles) character file.

107 Jens78 the Firebug (level 4, 0/27 HPs)
             Began as an Octopode Fire Elementalist on June 8, 2018.
             Slain by Crazy Yiuf
             ... wielding a +4 quarterstaff of chaos
              (1 damage)
             ... on level 2 of the Dungeon.
             The game lasted 00:24:35 (1581 turns).

Jens78 the Firebug (Octopode Fire Elementalist)     Turns: 1581, Time: 00:24:35

Health: 0/27       AC:  1    Str:  7    XL:     4   Next: 86%
Magic:  1/9        EV: 12    Int: 18    God:
Gold:   59         SH:  3    Dex: 12    Spells: 0/9 levels left

rFire    . . .     SeeInvis .   (no weapon)
rCold    . . .     Gourm    .   k - +0 buckler
rNeg     . . .     Faith    .   (helmet restricted)
rPois    .         Spirit   .   (no amulet)
rElec    .         Reflect  .   (no ring)
rCorr    .         Harm     .   (no ring)
MR       .....                  (no ring)
Stlth    +++.......             (no ring)
HPRegen  0.09/turn              (no ring)
MPRegen  0.11/turn              (no ring)
                                (no ring)
                                (no ring)

@: drained
A: almost no armour, stealthy swim, amphibious, 8 rings, constrict 8, camouflage
1, gelatinous body 1
a: no special abilities


You were on level 2 of the Dungeon.
You were not hungry.

You visited 1 branch of the dungeon, and saw 3 of its levels.

You collected 59 gold pieces.

Inventory:

Missiles
 r - 12 sling bullets
 s - 16 poisoned needles
Armour
 k - a +0 buckler (worn)
Jewellery
 l - a cursed -2 ring of protection {unknown}
 m - an uncursed ring of see invisible {unknown}
 q - an uncursed amulet of the gourmand {unknown}
Scrolls
 d - a scroll of teleportation {unknown}
 i - a scroll of random uselessness {unknown}
 j - 3 scrolls of identify {unknown}
 p - a scroll of magic mapping {unknown}
 t - a scroll of enchant armour {unknown}
Potions
 e - a potion of haste {unknown}
 f - a potion of might {unknown}
 g - 2 potions of lignification {unknown}
 h - a potion of invisibility {unknown}
 n - a potion of degeneration {unknown}
 o - a potion of curing
Books
 a - a book of Flames

   Spells                             Type                      Level
   a - Flame Tongue                   Conjuration/Fire             1
   b - Throw Flame                    Conjuration/Fire             2
   c - Conjure Flame                  Conjuration/Fire             3
   d - Inner Flame                    Hexes/Fire                   3
   e - Sticky Flame                   Conjuration/Fire             4
   f - Fireball                       Conjuration/Fire             5
Comestibles
 b - 6 rations


   Skills:
 + Level 2.3(2.0) Dodging
 + Level 3.3(3.0) Stealth
 - Level 0.3(0.1) Unarmed Combat
 + Level 3.3(3.0) Spellcasting
 + Level 1.4(1.1) Conjurations
 + Level 3.7(3.4) Fire Magic


You couldn't memorise any spells.
You knew the following spells:

 Your Spells              Type           Power        Failure   Level  Hunger
a - Flame Tongue          Conj/Fire      ##...        11%         1    None
b - Throw Flame           Conj/Fire      ##....       16%         2    ##.....
c - Conjure Flame         Conj/Fire      ##......     32%         3    ###....
d - Inner Flame           Hex/Fire       #.......     36%         3    ###....


Dungeon Overview and Level Annotations

Branches:
Dungeon (3/15)

Altars:

Annotations:
D:2 Crazy Yiuf


Innate Abilities, Weirdness & Mutations

You cannot wear most types of armour.
You are very stealthy in the water. (Stealth+)
You are amphibious.
You can wear up to eight rings at the same time.
You can use your tentacles to constrict eight enemies at once.
Your skin changes colour to match your surroundings (Stealth+).
Your rubbery body absorbs attacks. (AC +1, EV +1)


Message History

Crazy Yiuf is severely wounded.
Casting: Flame Tongue
Confirm with . or Enter, or press ? or * to list all spells.
Aiming: Flame Tongue
Press: ? - help, Shift-Dir - straight line, f/p - Crazy Yiuf
Aim: Crazy Yiuf, wielding a quarterstaff of chaos, wearing a cloak and carrying a wand of flame (29) (severely wounded)
The flame tongue hits Crazy Yiuf.
Crazy Yiuf appears unharmed.
Crazy Yiuf is severely wounded.
Crazy Yiuf says, "You bag verde!"
Crazy Yiuf barely misses you.
You tentacle-slap Crazy Yiuf but do no damage.
Your grab misses Crazy Yiuf.
Crazy Yiuf is severely wounded.
Crazy Yiuf zaps a wand.
You block the puff of flame.
You barely miss Crazy Yiuf. Your grab misses Crazy Yiuf.
Crazy Yiuf is severely wounded.
Crazy Yiuf hits you with a quarterstaff of chaos!
* * * LOW HITPOINT WARNING * * *
You feel drained.
You die...

###.###### ##..## #
#...# # #####
#.♣.### #)..#
#...##. #..)#
##<##.. .). ###...
#g# ##.. ♣@♣♣
#########.. ♣♣.♣
##.......).. ♣.♣♣
#..########. ♣♣.♣
#......##.. ♣♣)♣♣
#.......... ♣♣.♣.♣
#.........# ♣....♣
#.......#.# ##..##
#......##.#
#....####.....÷##.#


You could see Crazy Yiuf.

Vanquished Creatures
  Terence (D:2)
  3 adders (D:2)
  4 worms (D:2)
  2 dart slugs
  2 leopard geckos (D:1)
  3 giant cockroaches
  3 goblins (D:1)
  5 hobgoblins (D:1)
  2 kobolds
  A ball python (D:2)
  7 bats
  2 frilled lizards
  5 rats
40 creatures vanquished.

Vanquished Creatures (others)
  5 toadstools (D:1)
5 creatures vanquished.

Grand Total: 45 creatures vanquished

Notes
Turn   | Place    | Note
-------+----------+-------------------------------------------
     0 | D:1      | Jens78 the Octopode Fire Elementalist began the quest for the Orb.
     0 | D:1      | Reached XP level 1. HP: 11/11 MP: 3/3
    85 | D:1      | Reached XP level 2. HP: 17/17 MP: 1/5
   326 | D:1      | Reached XP level 3. HP: 20/21 MP: 4/6
   842 | D:2      | Noticed Terence
   861 | D:2      | Killed Terence
   861 | D:2      | Reached XP level 4. HP: 7/27 MP: 0/8
  1338 | D:2      | Learned a level 2 spell: Throw Flame
  1342 | D:2      | Learned a level 3 spell: Conjure Flame
  1346 | D:2      | Learned a level 3 spell: Inner Flame
  1568 | D:2      | Found a runed door.
  1572 | D:2      | Noticed Crazy Yiuf
  1581 | D:2      | HP: 1/27 [Crazy Yiuf/quarterstaff of chaos (7)]
  1581 | D:2      | Slain by Crazy Yiuf

Skill      XL: |  1  2  3 |
---------------+----------+-----
Stealth        | 3 |  3.3
Spellcasting   | 3 |  3.3
Dodging        | |  2.3
Unarmed Combat | |  0.3
Conjurations   | |  1.4
Fire Magic     | |  3.7

Action                   |  1- 3 |  4- 6 || total
-------------------------+-------+-------++-------
Melee: Unarmed           |    26 |    13 ||    39
       Constrict         |     6 |     3 ||     9
       Tentacles         |     5 |     3 ||     8
 Cast: Flame Tongue      |    39 |    35 ||    74
       Throw Flame       |       |     6 ||     6
       Inner Flame       |       |     1 ||     1
 Stab: Sleeping          |     1 |       ||     1
  Eat: Chunk             |       |     3 ||     3
Armor: Skin              |     1 |     2 ||     3
Dodge: Dodged            |    20 |     9 ||    29
Block: Buckler           |     1 |     1 ||     2
